 Dungeon Crawl Stone Soup version 0.22.1-1-ga44c0e56f4 (webtiles) character file.

44 Morbidden the Skirmisher (level 3, 0/19 HPs)
             Began as a Vine Stalker Fighter on Nov 7, 2018.
             Slain by Terence
             ... wielding a +2 flail of crushing
              (1 damage)
             ... on level 2 of the Dungeon.
             The game lasted 00:02:30 (1065 turns).

Morbidden the Skirmisher (Vine Stalker Fighter)     Turns: 1065, Time: 00:02:31

Health: 0/19       AC:  6    Str: 19    XL:     3   Next: 60%
Magic:  0/5        EV:  7    Int:  8    God:
Gold:   101        SH:  9    Dex: 13    Spells: 3/3 levels left

rFire    + . .     SeeInvis .   a - +0 war axe
rCold    . . .     Gourm    .   c - +0 shield
rNeg     . . .     Faith    .   b - +0 scale mail
rPois    .         Spirit   +   (no helmet)
rElec    .         Reflect  .   (no cloak)
rCorr    .         Harm     .   (no gloves)
MR       .....                  (no boots)
Stlth    ..........             (no amulet)
HPRegen  0.06/turn              l - ring of protection from fire
MPRegen  0.09/turn              (no ring)

@: no status effects
A: fangs 2, magic shield, antimagic bite, no potion heal 3, rot immunity
a: no special abilities


You were on level 2 of the Dungeon.
You were hungry.

You visited 1 branch of the dungeon, and saw 2 of its levels.

You collected 101 gold pieces.

Inventory:

Hand Weapons
 a - a +0 war axe (weapon)
Armour
 b - a +0 scale mail (worn)
 c - a +0 shield (worn)
Jewellery
 l - a ring of protection from fire (left hand)
 o - an uncursed ring of wizardry {unknown}
Scrolls
 e - 2 scrolls of magic mapping {unknown}
 g - 2 scrolls of amnesia {unknown}
 j - a scroll of teleportation {unknown}
 k - a scroll of enchant armour {unknown}
 n - a scroll of fear {unknown}
Potions
 d - a potion of might
 h - a potion of flight {unknown}
 i - 2 potions of cancellation {unknown}
 m - a potion of degeneration {unknown}
Comestibles
 f - 5 rations


   Skills:
 + Level 2.9 Fighting
 * Level 2.4 Axes
 + Level 2.7 Armour
 + Level 2.9 Shields
 * Level 0.9 Spellcasting


You had 3 spell levels left.
You didn't know any spells.
Your spell library was empty.

Dungeon Overview and Level Annotations

Branches:
Dungeon (2/15)

Altars:

Annotations:
D:2 Terence


Innate Abilities, Weirdness & Mutations

You have extremely sharp teeth.
When hurt, damage is shared between your health and your magic reserves.
Your bite disrupts and absorbs the magic of your enemies.
Potions cannot restore your health.
You are immune to rotting.


Message History

Terence screams, "I'm going to kill you!"
A frilled lizard comes into view.
The frilled lizard hisses angrily.
Found a small wooden ring and a murky inky potion.
A rat comes into view.
The frilled lizard bites you. You block the frilled lizard's attack.
You see here a small wooden ring.
A giant cockroach comes into view.
The giant cockroach moves out of view.
You block the giant cockroach's attack.
You closely miss Terence.
Terence is severely wounded.
Terence hits you with a flail of crushing.
You hit Terence but do no damage.
Terence is severely wounded.
You closely miss the frilled lizard. You block the frilled lizard's attack.
Terence hits you with a flail of crushing!
* * * LOW HITPOINT WARNING * * *
You die...

.......#....###..÷#####
#......#. ###....#...†#
###.....# #......#.
##...#....##
#####.###......#.
#...#.....######
#..###.#####.
##....>........#
##.###.######
#..#######..#)####.....#.....
#..## ##......#####....##.
#.[.# ##.###..###..##.##.
##[.# #@..........##.##.
#..### #@l####.#...##.##)
#....# ##s...#....####....
#.##.## ##.......#.## ###.#
######.##..###....##..#.# #..
.....[........r######.#.##
##. .#####.###.###.# .##.#..#
#. #.# #..##.#
..##.##.######## #.#
#...s#...##. #.......##


You could see Terence, a giant cockroach, a frilled lizard and a rat.

Vanquished Creatures
  An adder (D:2)
  2 dart slugs
  A leopard gecko (D:1)
  2 giant cockroaches (D:1)
  4 goblins
  5 hobgoblins
  3 kobolds (D:2)
  A quokka (D:2)
  4 bats
  A frilled lizard (D:1)
  3 rats
27 creatures vanquished.

Notes
Turn   | Place    | Note
-------+----------+-------------------------------------------
     0 | D:1      | Morbidden the Vine Stalker Fighter began the quest for the
                  | Orb.
     0 | D:1      | Reached XP level 1. HP: 11/11 MP: 2/2
   122 | D:1      | Reached XP level 2. HP: 14/16 MP: 3/3
   659 | D:2      | Reached XP level 3. HP: 16/19 MP: 4/4
   889 | D:2      | Noticed Terence
  1065 | D:2      | Slain by Terence

Skill      XL: |  1  2 |
---------------+-------+-----
Axes           | 2 |  2.4
Fighting       | |  2.9
Armour         | |  2.7
Shields        | |  2.9
Spellcasting   | |  0.9

Action                   || total
-------------------------++-------
Melee: War axe           ||    66
       Bite              ||    10
Armor: Scale mail        ||    26
Dodge: Dodged            ||    17
Block: Shield            ||    45
